 Dungeon Crawl Stone Soup version 0.29.0-7-g18a832c13a (webtiles) character file.

Game seed: 688493446060525508

54363 unlimited1921 the Eclecticist (level 15, -9/87 HPs)
             Began as a Djinni Fire Elementalist on Aug 31, 2022.
             Was an Initiate of Gozag.
             Killed by divine providence
             ... invoked by a meliai
              (13 damage)
             ... on level 15 of the Dungeon.
             The game lasted 03:28:38 (23434 turns).

unlimited1921 the Eclecticist (DjFE)               Turns: 23434, Time: 03:28:39

Health: -9/87      AC: 14    Str:  6    XL:     15   Next: 13%
Gold:   2127       EV: 16    Int: 39    God:    Gozag SH: 30 Dex: 28

rFire   + + +      SeeInvis .   B - +2 trident (protect)
rCold   . . .      Faith    .   X - +6 tower shield {rN+}
rNeg    + . .      Spirit   .   D - +0 troll leather armour {Pargi}
rPois   ∞          Reflect  +   c - +3 hat of Pondering {ponderous, Will+ MP+10 Int+5}
rElec   .          Harm     .   V - +2 cloak of a treasure trove {rF+ Will+ Int+4}
rCorr   +          Rampage  +   s - +2 pair of gloves {Str+3}
Will    ++++.                   (boots unavailable)
Stlth   ++++......              S - amulet "Woofav" {Reflect Rampage Regen+ Str-3 Dex+9 SH+5}
HPRegen 1.84/turn               z - +6 ring of intelligence
MPRegen 0.00/turn               r - ring "Zausy" {Ice rCorr Int+2}

@: gold aura, flying, slow
A: sickness immunity, fire resistance 3, cold vulnerability 1, float, innate
caster, HP casting, extra vitality 1, claws 1, agile 1, deterioration 1,
strong-willed 1
a: Renounce Religion, Potion Petition, Call Merchant, Bribe Branch


You were on level 15 of the Dungeon.
You worshipped Gozag.
Gozag was most pleased with you.
You visited 4 branches of the dungeon, and saw 19 of its levels.
You also visited: Sewer and Bailey.

You collected 5735 gold pieces.
You spent 3588 gold pieces at shops.
You paid 20 gold pieces to Gozag.

Inventory:

Hand Weapons
 d - a +1 trident of venom
 g - a +2 scimitar of freezing
 B - a +2 trident of protection (weapon)
 E - the +5 dagger of Kiomav {holy, Str+4 Dex+4 Stlth-}
   (You took it off an orc on level 6 of the Dungeon)

   It has been blessed by the Shining One to cause great damage to the undead
   and demons.
   Str:       It affects your strength (+4).
   Dex:       It affects your dexterity (+4).
   Stlth:     It makes you less stealthy.
 M - a +1 flail of protection
 N - a +4 vorpal trident
 O - a +5 flail of chaos
Missiles
 o - 26 poisoned darts
 y - a throwing net
 C - 3 javelins
Armour
 c - the +3 hat of Pondering (worn) {ponderous, Will+ MP+10 Int+5}
   (You bought it in a shop on level 2 of the Orcish Mines)

   Int:       It affects your intelligence (+5).
   MP:        It affects your magic capacity (+10).
   Will:      It increases your willpower.
 s - a +2 pair of gloves of strength (worn)
 D - a +0 troll leather armour (worn) {Pargi}
 L - the +2 cloak of the Thief {*Fog Slay-2 SInv Stlth+}
   (You found it on level 13 of the Dungeon)

   It may release a thick cloud of smoke when the wearer is hurt.
   Slay:      It affects your accuracy & damage with ranged weapons and melee
   (-2).
   SInv:      It lets you see invisible.
   Stlth:     It makes you more stealthy.
 P - the +0 robe of the Devil's Advocate {rC+ Dex+7 Archmagi}
   (You bought it in a shop on level 13 of the Dungeon)

   Dex:       It affects your dexterity (+7).
   rC:        It protects you from cold.
   Archmagi:  It increases the power of your magical spells.
 R - the +1 leather armour of Valiance {rF- Will+ SInv Stlth+}
   (You found it in a bailey)

   rF:        It makes you vulnerable to fire.
   SInv:      It lets you see invisible.
   Will:      It increases your willpower.
   Stlth:     It makes you more stealthy.
 V - the +2 cloak of a treasure trove (worn) {rF+ Will+ Int+4}
   (You bought it in a shop on level 3 of the Dungeon)

   Int:       It affects your intelligence (+4).
   rF:        It protects you from fire.
   Will:      It increases your willpower.
 X - a +6 tower shield of positive energy (worn)
Jewellery
 f - a +4 ring of protection
 r - the ring "Zausy" (right hand) {Ice rCorr Int+2}
   (You bought it in a shop on level 2 of the Orcish Mines)

   [ring of ice]

   It enhances your ice magic.
   Int:       It affects your intelligence (+2).
   rF:        It makes you vulnerable to fire.
   rC:        It protects you from cold.
   rCorr:     It protects you from acid and corrosion.
 z - a +6 ring of intelligence (left hand)
 S - the amulet "Woofav" (around neck) {Reflect Rampage Regen+ Str-3 Dex+9 SH+5}
   (You bought it in a shop on level 2 of the Orcish Mines)

   [amulet of reflection]

   It reflects blocked missile attacks.
   Str:       It affects your strength (-3).
   Dex:       It affects your dexterity (+9).
   Regen:     It increases your rate of health regeneration.
   SH:        It affects your SH (+5).
   Rampage:   It bestows one free step when moving towards enemies.
 W - a ring of fire
Wands
 a - a wand of charming (9) (quivered)
 i - a wand of polymorph (18)
 G - a wand of mindburst (5)
 U - a wand of iceblast (8)
 Z - a wand of digging (5)
Scrolls
 b - 2 scrolls of poison
 e - 4 scrolls of magic mapping
 l - a scroll of summoning
 p - 2 scrolls of enchant weapon
 q - 7 scrolls of teleportation
 v - a scroll of fear
 A - 4 scrolls of fog
 H - 3 scrolls of blinking
 J - a scroll of brand weapon
 Q - a scroll of identify
 T - a scroll of enchant armour
Potions
 h - a potion of lignification
 j - 4 potions of brilliance
 k - a potion of attraction {unknown}
 m - a potion of ambrosia
 n - 5 potions of might
 u - a potion of resistance
 w - 4 potions of haste
 x - 7 potions of curing
 F - 2 potions of cancellation
 I - 2 potions of invisibility
 K - 4 potions of heal wounds
 Y - a potion of berserk rage
Miscellaneous
 t - a condenser vane


   Skills:
 + Level 1.5 Fighting
 + Level 0.3 Short Blades
 + Level 1.1 Polearms
 + Level 2.4 Throwing
 * Level 7.2 Armour
 * Level 8.2 Dodging
 * Level 6.5 Stealth
 + Level 8.8 Shields
 + Level 15.2 Spellcasting
 * Level 5.3 Evocations


You had 5 spell levels left.
You knew the following spells:

 Your Spells              Type           Power      Damage    Failure   Level
a - Foxfire               Conj/Fire      100%       2x1d9     1%          1
b - Scorch                Fire           100%       2d10      1%          2
c - Conjure Flame         Conj/Fire      99%        6-21      1%          3
d - Inner Flame           Hex/Fire       99%        N/A       1%          3
e - Flame Wave            Conj/Fire      99%        2d21      1%          4
f - Sting                 Tmut/Pois      100%       1d8       1%          1
g - Blink                 Tloc           100%       N/A       1%          2
h - Dazzling Flash        Conj/Hex       100%       N/A       1%          3
i - Iskenderun's Mystic   Conj/Tloc      99%        2d19      1%          4
j - Agony                 Necr           99%        N/A       1%          5
k - Manifold Assault      Tloc           99%        N/A       1%          5
l - Summon Cactus Giant   Summ           49%        N/A       3%          6
Your spell library was empty.

Dungeon Overview and Level Annotations

Branches:
Dungeon (15/15)            Temple (1/1) D:4            Lair (0/5) D:8
    Orc (2/2) D:11            Elf (1/3) Orc:2        Vaults (0/5) D:13
  Sewer (visited)          Bailey (visited)
 Depths: D:15

Altars:
Ashenzari
Dithmenos
Elyvilon
Fedhas
Gozag
Hepliaklqana
Makhleb
Nemelex Xobeh
Okawaru
Qazlal
Ru
Trog
Uskayaw
Wu Jian
Xom
Yredelemnul
Zin
The Shining One

Shops:
D:1 (:   D:3 [   D:6 ?   D:12 [   D:13 [   Orc:2 (*=[

Portals:
Bazaar: D:15

Annotations:
D:1 1 runed translucent door


Innate Abilities, Weirdness & Mutations

You are immune to sickness and miasma.
You are immune to poison.
Your flesh is almost immune to the effects of heat. (rF+++)
You are vulnerable to cold. (rC-)
You float through the air rather than walking.
You learn spells naturally, not from books.
Your magical power is your life essence.
You have superior vitality. (+4 MHP)
You have sharp fingernails.
You are agile. (Dex +4, Str/Int -1)
Your body sometimes deteriorates upon taking damage.
You are strong-willed. (Will+)


Message History

Confirm with . or Enter, or press ? or * to list all spells.
Aiming: Inner Flame (safe; 1% risk of failure)
Press: ? - help, Dir - move target, f - meliai
Aim: a meliai, wielding a +0 hand axe and wearing a +0 robe (ally target, chance to affect: 99%)
The meliai is filled with an inner flame.
A meliai comes into view. It is wielding a +0 war axe.
The meliai invokes the aid of its god against you.
Something smites you!
Your cactus giant hits the meliai with a +0 giant spiked club!
Flame seeps out of the meliai.
Casting: Inner Flame (safe; 1% risk of failure)
Confirm with . or Enter, or press ? or * to list all spells.
Really blast near your cactus giant?
Okay, then.
Unknown command.
The meliai is engulfed in blazing flames.
Flame seeps out of the meliai.
The meliai calls down the wrath of its god upon you.
Something smites you!
Casting: Iskenderun's Mystic Blast (safe; 1% risk of failure)
Confirm with . or Enter, or press ? or * to list all spells.
Really blast near your cactus giant?
You erupt in a blast of force!
The mystic blast hits your cactus giant!!
Your cactus giant is moderately damaged.
Your cactus giant is knocked back by the mystic blast.
The mystic blast hits the meliai!
The meliai explodes!
The fiery explosion engulfs you! You resist.
* * * LOW HITPOINT WARNING * * *
Your cactus giant disappears in a puff of smoke!
You are engulfed in blazing flames.
You resist.
* * * LOW HITPOINT WARNING * * *
The meliai invokes the aid of its god against you.
Something smites you!
* * * LOW HITPOINT WARNING * * *
The meliai mumbles some strange prayers to its god against you.
Something smites you!
You die...
Your body crumbles into a pile of gold.

..... #..# # #######..#
#.###############
.).......########................
............$....................
###########...########...........
#...########...########
####..§§§.................
......yy§§@................
##########.................
#######.################
........# ###### ...............
...... ............### ######
............# .... ..^.........#
###### ... .............. ......


You could see 2 meliai.

Vanquished Creatures
  Jorgrun (D:15)
  Kirke (D:12)
  Frances (D:13)
  2 orc warlords (Orc:2)
  A quicksilver ooze (shapeshifter) (D:14)
  3 boulder beetles
  Erolcha (D:12)
  A hydra (D:11)
  An ogre mage (D:15)
  A death knight (D:15)
  6 centaur warriors
  Erica (D:8)
  A tengu warrior (D:14)
  7 two-headed ogres
  2 orc high priests (Orc:2)
  Lodul (D:12)
  A wizard (D:13)
  4 orc knights
  The ghost of rumses the Trooper, a novice HOFi of Trog (D:6)
  A deep elf zephyrmancer (Orc:2)
  A necromancer (D:13)
  Pikel (D:9)
  4 orc sorcerers (Orc:2)
  2 manticores
  11 ugly things (D:15)
  7 cyclopes
  A cyclops (shapeshifter) (D:13)
  A wolf spider (D:15)
  Maurice (D:11)
  A gargoyle (Bailey)
  A freezing wraith (D:15)
  An efreet (D:14)
  2 komodo dragons
  A kobold demonologist (D:11)
  5 trolls
  A meliai (D:15)
  7 slime creatures (D:13)
  Sigmund (D:2)
  A shadow (D:12)
  A spriggan (shapeshifter) (D:13)
  A wyvern (D:8)
  3 vampires
  8 yaks
  6 wraiths
  Grum (D:9)
  5 hogs (D:12)
  3 wargs
  2 vampire mosquitoes (D:12)
  2 water moccasins
  27 orc warriors
  Pargi (D:3)
  2 sky beasts (D:7)
  An ice beast (D:8)
  5 black bears
  18 ogres
  3 wolves (D:9)
  5 centaurs
  2 lemures (D:9)
  2 phantoms
  3 gnoll sergeants
  7 bullfrogs
  2 necrophages (D:4)
  7 scorpions
  17 wights
  A troll zombie (D:11)
  6 howler monkeys
  6 vampire bats (Bailey)
  4 wolf zombies (Bailey)
  A gnoll bouda (D:7)
  A jelly (D:4)
  Crazy Yiuf (D:2)
  10 orc priests
  4 hounds
  2 iguanas
  23 orc wizards
  Ijyb (D:4)
  7 ogre zombies (D:11)
  Robin (D:1)
  19 gnolls
  6 river rats (Sewer)
  15 adders
  3 white imps
  2 ufetubi
  2 worms
  A dart slug (D:2)
  86 orcs
  9 ball pythons
  10 endoplasms
  4 giant cockroaches
  9 hobgoblins
  4 jackals (D:3)
  2 quokkas
  10 bats
  4 frilled lizards
  19 goblins
  A goblin skeleton (D:11)
  3 goblin zombies (D:11)
  2 hobgoblin skeletons (D:11)
  3 hobgoblin zombies (D:11)
  30 kobolds
  3 orc skeletons (D:11)
  36 orc zombies
  31 rats
604 creatures vanquished.

Vanquished Creatures (collateral kills)
  3 foxfires
3 creatures vanquished.

Vanquished Creatures (others)
  An ugly thing (D:15)
  A manticore (D:15)
  1817 foxfires
  74 fungi
  49 plants (D:8)
1942 creatures vanquished.

Grand Total: 2549 creatures vanquished

Notes
Turn   | Place    | Note
-------+----------+-------------------------------------------
     0 | D:1      | unlimited1921 the Djinni Fire Elementalist began the quest
                  | for the Orb.
     0 | D:1      | unlimited1921 set off with the following spells memorised:
                  | Foxfire, Scorch, Conjure Flame, Inner Flame, Flame Wave.
     0 | D:1      | Reached XP level 1. HP: 15/15 MP: 0/0
     1 | D:1      | Found a runed translucent door.
    24 | D:1      | Found Suanluso's Antique Weapon Boutique.
   229 | D:1      | Reached XP level 2. HP: 18/21 MP: 0/0
   265 | D:1      | Found Baturo's Book Emporium.
  1899 | D:2      | Reached skill level 3 in Spellcasting
  1899 | D:2      | Reached XP level 3. HP: 23/25 MP: 0/0
  1899 | D:2      | Learned a level 1 spell: Sting
  1900 | D:2      | Noticed Robin
  1918 | D:1      | Killed Robin
  2330 | D:1      | HP: 1/25 [goblin/+0 dagger[Robin] (1)]
  2954 | D:2      | Reached XP level 4. HP: 25/31 MP: 0/0
  3788 | D:2      | Noticed Sigmund
  3815 | D:2      | Killed Sigmund
  3816 | D:2      | Reached skill level 4 in Spellcasting
  3816 | D:2      | Reached XP level 5. HP: 33/36 MP: 0/0
  3816 | D:2      | Learned a level 2 spell: Blink
  3816 | D:2      | Reached XP level 6. HP: 38/41 MP: 0/0
  3976 | D:2      | Reached skill level 1 in Fighting
  4300 | D:2      | Found a runed translucent door.
  4302 | D:2      | Noticed Crazy Yiuf
  4308 | D:2      | Killed Crazy Yiuf
  4791 | D:3      | Found Giepnad's Antique Armour Shop.
  5131 | D:3      | Noticed Pargi
  5136 | D:3      | Killed Pargi
  5137 | D:3      | Reached skill level 5 in Spellcasting
  5137 | D:3      | Reached XP level 7. HP: 39/47 MP: 0/0
  5137 | D:3      | Learned a level 3 spell: Dazzling Flash
  5463 | D:4      | Found a broken altar of Ashenzari.
  5554 | D:4      | Noticed Ijyb
  5557 | D:4      | Killed Ijyb
  5746 | D:4      | Found a staircase to the Ecumenical Temple.
  5757 | Temple   | Entered the Ecumenical Temple
  5805 | Temple   | Became a worshipper of Gozag Ym Sagoz the Greedy
  6277 | D:4      | Reached skill level 1 in Armour
  6277 | D:4      | Reached skill level 6 in Spellcasting
  6277 | D:4      | Reached XP level 8. HP: 52/52 MP: 0/0
  6414 | D:4      | Reached skill level 1 in Shields
  6890 | D:5      | Entered Level 5 of the Dungeon
  6959 | D:5      | Found a glowing drain.
  6978 | Sewer    | Entered a sewer
  8179 | D:5      | Found a runed translucent door.
  8285 | D:5      | Reached skill level 7 in Spellcasting
  8410 | D:5      | Found a shimmering altar of Xom.
  8802 | D:5      | Reached XP level 9. HP: 57/57 MP: 0/0
  8802 | D:5      | Learned a level 4 spell: Iskenderun's Mystic Blast
  9291 | D:3      | Bought a heavily runed cloak for 247 gold pieces
  9291 | D:3      | Identified the +2 cloak of a treasure trove {rF+ Will+
                  | Int+4} (You bought it in a shop on level 3 of the Dungeon)
  9291 | D:3      | Bought a glowing scarf for 208 gold pieces
  9291 | D:3      | Bought a runed tower shield for 195 gold pieces
  9665 | D:6      | Reached skill level 8 in Spellcasting
  9666 | D:6      | Identified the +5 dagger of Kiomav {holy, Str+4 Dex+4
                  | Stlth-}
  9962 | D:6      | Found Isepai's Magic Scroll Shop.
  9966 | D:6      | Bought a scroll of identify for 26 gold pieces
  9966 | D:6      | Bought a scroll of blinking for 97 gold pieces
  9966 | D:6      | Bought a scroll of teleportation for 39 gold pieces
  9966 | D:6      | Bought a scroll of enchant armour for 97 gold pieces
  9966 | D:6      | Bought a scroll of fog for 52 gold pieces
  9971 | D:6      | Identified a scroll of acquirement
 10000 | D:6      | Gained mutation: You are somewhat resistant to further
                  | mutation. [potion of mutation]
 10000 | D:6      | Gained mutation: Your spells are a little easier to cast,
                  | but a little less powerful. [potion of mutation]
 10001 | D:6      | Lost mutation: Your spells are a little easier to cast, but
                  | a little less powerful. [potion of mutation]
 10001 | D:6      | Lost mutation: You are somewhat resistant to further
                  | mutation. [potion of mutation]
 10001 | D:6      | Gained mutation: Your movements are slightly less
                  | encumbered by armour. (ER -2) [potion of mutation]
 10001 | D:6      | Gained mutation: You expend health (3 HP) to strengthen
                  | your wands. [potion of mutation]
 10176 | D:6      | Found a runed translucent door.
 10179 | D:6      | Noticed rumses's ghost (novice HOFi)
 10232 | D:6      | Killed rumses's ghost
 10233 | D:6      | Reached skill level 9 in Spellcasting
 10233 | D:6      | Reached XP level 10. HP: 53/62 MP: 0/0
 10387 | D:6      | Found a hide-covered altar of Uskayaw.
 11767 | D:8      | Noticed Erica
 11779 | D:8      | Killed Erica
 11780 | D:8      | Reached skill level 5 in Shields
 11780 | D:8      | Reached skill level 10 in Spellcasting
 11976 | D:8      | Noticed a komodo dragon
 11981 | D:8      | Killed a komodo dragon
 11982 | D:8      | Reached XP level 11. HP: 38/67 MP: 0/0
 11982 | D:8      | Learned a level 5 spell: Agony
 12270 | D:8      | Found a staircase to the Lair.
 12373 | D:8      | Found a sparkling altar of Nemelex Xobeh.
 12618 | D:9      | Acquired a +2 pair of gloves of strength
 12667 | D:9      | Noticed Grum
 12674 | D:9      | Killed Grum
 12681 | D:9      | Reached skill level 11 in Spellcasting
 12789 | D:9      | Found a flagged portal.
 12805 | Bailey   | Entered a bailey
 13424 | Bailey   | Identified the +1 leather armour of Valiance {rF- Will+
                  | SInv Stlth+}
 13849 | Bailey   | Lost mutation: You expend health (3 HP) to strengthen your
                  | wands. [potion of mutation]
 13849 | Bailey   | Lost mutation: Your movements are slightly less encumbered
                  | by armour. (ER -2) [potion of mutation]
 13849 | Bailey   | Gained mutation: You are clumsy. (Dex -2) [potion of
                  | mutation]
 13849 | Bailey   | Gained mutation: Your flesh is almost immune to the effects
                  | of heat. (rF+++) [potion of mutation]
 13849 | Bailey   | Gained mutation: Your muscles are strong. (Str +4, Int/Dex
                  | -1) [potion of mutation]
 13850 | Bailey   | Lost mutation: Your muscles are strong. (Str +4, Int/Dex
                  | -1) [potion of mutation]
 13850 | Bailey   | Lost mutation: You are clumsy. (Dex -2) [potion of
                  | mutation]
 13850 | Bailey   | Gained mutation: You have hidden genetic potential. [potion
                  | of mutation]
 13850 | Bailey   | Gained mutation: Your body sometimes deteriorates upon
                  | taking damage. [potion of mutation]
 13850 | Bailey   | Gained mutation: You are agile. (Dex +4, Str/Int -1)
                  | [potion of mutation]
 14005 | D:9      | Noticed Pikel
 14010 | D:9      | Killed Pikel
 14284 | D:9      | Found a sacrificial altar of Ru.
 14557 | D:10     | Entered Level 10 of the Dungeon
 15231 | D:11     | Noticed a soul eater
 15252 | D:11     | Noticed a sixfirhy
 15467 | D:11     | Noticed Maurice
 15473 | D:11     | Noticed an eight-headed hydra
 15474 | D:11     | Killed Maurice
 15483 | D:11     | Killed an eight-headed hydra
 15484 | D:11     | Reached skill level 12 in Spellcasting
 15484 | D:11     | Reached XP level 12. HP: 73/73 MP: 0/0
 16316 | D:11     | Found a staircase to the Orcish Mines.
 16797 | D:12     | Gained mutation: You have sharp fingernails. [hidden
                  | potential]
 16813 | D:12     | Noticed Erolcha
 16825 | D:12     | Killed Erolcha
 16913 | D:12     | Noticed a boulder beetle
 16935 | D:12     | Killed a boulder beetle
 16991 | D:12     | Found Akoroogo's Antique Armour Boutique.
 17057 | D:12     | Reached skill level 5 in Dodging
 17133 | D:12     | Noticed Lodul
 17136 | D:12     | Noticed Kirke
 17143 | D:12     | Reached skill level 13 in Spellcasting
 17247 | D:12     | Killed Kirke
 17254 | D:12     | Killed Lodul
 17917 | Orc:1    | Entered Level 1 of the Orcish Mines
 17969 | Orc:1    | Reached XP level 13. HP: 46/77 MP: 0/0
 17969 | Orc:1    | Learned a level 5 spell: Manifold Assault
 18344 | Orc:1    | Reached skill level 1 in Evocations
 18637 | Orc:2    | Entered Level 2 of the Orcish Mines
 18693 | Orc:2    | Reached skill level 1 in Throwing
 18695 | Orc:2    | Reached skill level 5 in Armour
 18709 | Orc:2    | Gained mutation: You are strong-willed. (Will+) [hidden
                  | potential]
 18709 | Orc:2    | Lost mutation: You have hidden genetic potential. [hidden
                  | potential expressed]
 18770 | Orc:2    | Noticed an orc warlord
 18785 | Orc:2    | Killed an orc warlord
 19201 | Orc:2    | Found Xitilush's Jewellery Emporium.
 19295 | Orc:2    | Bought the amulet "Woofav" {Reflect Rampage Regen+ Str-3
                  | Dex+9 SH+5} for 793 gold pieces
 19328 | Orc:2    | Bought the ring "Zausy" {Ice rCorr Int+2} for 668 gold
                  | pieces
 19450 | Orc:2    | Found Boshrerch's Antique Weapon Shoppe.
 19497 | Orc:2    | Noticed an orc warlord
 19536 | Orc:2    | Killed an orc warlord
 19537 | Orc:2    | Reached skill level 14 in Spellcasting
 19776 | Orc:2    | Reached skill level 5 in Stealth
 19862 | Orc:2    | Found Modghoacoa's General Store.
 19965 | Orc:2    | Bought a scroll of identify for 24 gold pieces
 19965 | Orc:2    | Bought a wand of digging (4) for 201 gold pieces
 19965 | Orc:2    | Bought the +3 hat of Pondering {ponderous, Will+ MP+10
                  | Int+5} for 457 gold pieces
 19965 | Orc:2    | Bought a potion of heal wounds for 60 gold pieces
 19965 | Orc:2    | Bought a scroll of fog for 48 gold pieces
 19965 | Orc:2    | Found the +3 hat of Pondering {ponderous, Will+ MP+10
                  | Int+5}
 20132 | Orc:2    | Found a staircase to the Elven Halls.
 20212 | Orc:2    | Found Movaacw's Antique Armour Boutique.
 20220 | Orc:2    | Bought a jewelled scale mail for 234 gold pieces
 20220 | Orc:2    | Identified the +2 scale mail of Dyspraxia {+Inv rElec rF+}
                  | (You bought it in a shop on level 2 of the Orcish Mines)
 20485 | Elf:1    | Entered Level 1 of the Elven Halls
 20485 | Elf:1    | Noticed a deep elf sorcerer
 20638 | D:13     | Noticed a centaur warrior
 20638 | D:13     | Noticed a centaur warrior
 20638 | D:13     | Found the +2 cloak of the Thief {*Fog Slay-2 SInv Stlth+}
 20641 | D:13     | Killed a centaur warrior
 20645 | D:13     | Killed a centaur warrior
 20648 | D:13     | Noticed a centaur warrior
 20659 | D:13     | Killed a centaur warrior
 20660 | D:13     | Reached XP level 14. HP: 66/83 MP: 0/0
 20667 | D:13     | Reached skill level 1 in Polearms
 20758 | D:13     | Noticed Frances
 20964 | D:13     | Killed Frances
 21020 | D:13     | Found a gate to the Vaults.
 21099 | D:13     | Found Hymmudd's Antique Armour Emporium.
 21379 | D:13     | Bought a heavily jewelled robe for 142 gold pieces
 21379 | D:13     | Identified the +0 robe of the Devil's Advocate {rC+ Dex+7
                  | Archmagi} (You bought it in a shop on level 13 of the
                  | Dungeon)
 22410 | D:14     | Noticed a quicksilver ooze
 22416 | D:14     | Killed a quicksilver ooze
 22651 | D:15     | Entered Level 15 of the Dungeon
 22685 | D:15     | Found a flickering gateway to a bazaar.
 22707 | D:15     | Noticed Jorgrun
 22723 | D:15     | Killed Jorgrun
 22876 | D:15     | Reached skill level 5 in Evocations
 22945 | D:15     | Reached skill level 15 in Spellcasting
 22982 | D:15     | Reached XP level 15. HP: 56/87 MP: 0/0
 22982 | D:15     | Learned a level 6 spell: Summon Cactus Giant
 23433 | D:15     | HP: 2/87 [meliai/divine providence (16)]
 23434 | D:15     | Killed from afar by a meliai

Illustrated notes

Levels and vault maps discovered:
D:1:      dpeg_arrival_caged_fury, layout_loops_ring, serial_shops,
          shop_fountains, shop, glass_columns_b, minmay_fountain_box
D:2:      layout_basic, uniq_crazy_yiuf_cottage, uniq_sigmund, uniq_robin
D:3:      minmay_inner_zag, layout_basic, mainiacjoe_overflow_surrounded_room,
          serial_shops, shop, uniq_pargi
D:4:      layout_gridville, nicolae_overflow_crystal_walls, temple_green,
          uniq_ijyb
D:5:      layout_layer_cave, xom_butterflies, cheibrodos_sewer_entry_drain,
          lightli_church_of_beogh
D:6:      layout_loops_ring, led_sif_book, nicolae_uskayaw_dance_hall,
          serial_shops, nicolae_shop_statue_plus, ebering_ghost_sewer_d,
          chequers_serial_rivers_micro_c
D:7:      layout_cave_pods
D:8:      cheibrodos_quashed, layout_rooms, nemelex_diamond_rough_becter,
          due_lair_maze_entry_diamond, minmay_manual_monolith, uniq_erica
D:9:      layout_loops_cross, mainiacjoe_overflow_alcove_4, enter_bailey_3,
          uniq_pikel, uniq_grum
D:10:     layout_roguey, slow_altar_2, tgw_kikubaaqudgha, grunt_ministairs_3,
          uniq_nergalle
D:11:     layout_irregular_city, zombieorc2_lemuel, uniq_maurice
D:12:     layout_basic, serial_shops, nicolae_diamond_shop, uniq_kirke,
          uniq_erolcha, uniq_lodul
D:13:     layout_cave_pools, david_vaults_1, serial_shops,
          nicolae_shop_temple_entry_statues_fountains, minmay_misc_feat_doors,
          uniq_frances
D:14:     layout_loops_ring, serial_park_tiny_2
D:15:     grunt_enter_depths_magical_seal, layout_long_grid, serial_shops,
          bzr_entry_customers, nicolae_trove_entry_columns, uniq_jorgrun
Temple:   compressed_dpeg_triangle_lava_temple
Orc:1:    layout_diamond_mine, mines1_david
Orc:2:    grunt_orc_gardens, layout_caves, grunt_orc_garden, grunt_orc_garden,
          grunt_orc_garden, grunt_orc_garden, basic_altar
Elf:1:    elf_arrival_002, layout_onion_city

Skill      XL: |  1  2  3  4  5  6  7  8  9 10 11 12 13 14 |
---------------+-------------------------------------------+-----
Spellcasting   | 3 4 5 6 7 9 10 12 13 14 15 | 15.2
Stealth        | 2 3 4 5 6 |  6.5
Fighting       | 1 |  1.5
Armour         | 1 2 4 5 7 |  7.2
Shields        | 2 4 5 8 |  8.8
Dodging        | 3 5 6 8 |  8.2
Evocations     | 3 5 |  5.3
Throwing       | 2 |  2.4
Polearms       | 1 |  1.1
Short Blades   | |  0.3

Action                   |  1- 3 |  4- 6 |  7- 9 | 10-12 | 13-15 || total
-------------------------+-------+-------+-------+-------+-------++-------
Melee: Dagger            |     5 |       |       |       |       ||     5
       Short sword       |     1 |       |       |       |       ||     1
       Trident           |       |     9 |     1 |    10 |    30 ||    50
 Cast: Foxfire           |    57 |    48 |   394 |   379 |   223 ||  1101
       Scorch            |     3 |    33 |    35 |    75 |    77 ||   223
       Inner Flame       |       |     9 |    53 |   175 |   136 ||   373
       Sting             |       |     2 |     1 |    12 |    26 ||    41
       Iskenderun's Myst |       |       |     2 |    14 |    61 ||    77
       Blink             |       |       |     1 |       |       ||     1
       Conjure Flame     |       |       |       |     8 |       ||     8
       Manifold Assault  |       |       |       |       |    11 ||    11
       Flame Wave        |       |       |       |       |     2 ||     2
       Summon Cactus Gia |       |       |       |       |     5 ||     5
Evoke: Wand              |       |       |       |       |     7 ||     7
  Use: Scroll            |       |       |     8 |    21 |     4 ||    33
       Potion            |       |       |     3 |     5 |       ||     8
 Stab: Sleeping          |     1 |       |       |       |       ||     1
Armor: Robe              |    16 |     7 |       |       |       ||    23
       Troll leather arm |       |       |    21 |    29 |     3 ||    53
Dodge: Dodged            |    34 |    24 |    26 |    33 |    11 ||   128
Block: Buckler           |       |       |     5 |     8 |       ||    13
       Tower shield      |       |       |       |    97 |    80 ||   177
       Reflection        |       |       |       |       |    31 ||    31
